 Dungeon Crawl Stone Soup version 0.29.1-15-g9cfb28693d (webtiles) character file.

Game seed: 6246186394130977433

46 Danienth the Chiller (level 3, -3/24 HPs)
             Began as a Demonspawn Ice Elementalist on Apr 7, 2023.
             Slain by a gnoll
             ... wielding a +0 spear
              (5 damage)
             ... on level 2 of the Dungeon.
             The game lasted 00:13:11 (1318 turns).

Danienth the Chiller (Demonspawn Ice Elementalist)  Turns: 1318, Time: 00:13:11

Health: -3/24      AC:  5    Str:  8    XL:     3   Next: 46%
Magic:  2/6        EV: 12    Int: 18    God:
Gold:   76         SH:  0    Dex: 13    Spells: 2/6 levels left

rFire   . . .      SeeInvis .   j - staff of cold
rCold   + . .      Faith    .   (no shield)
rNeg    . . .      Spirit   .   a - +1 robe
rPois   .          Reflect  .   (no helmet)
rElec   .          Harm     .   (no cloak)
rCorr   .          Rampage  .   (no gloves)
Will    .....                   (no boots)
Stlth   ++........              (no amulet)
HPRegen 0.08/turn               (no ring)
MPRegen 0.10/turn               (no ring)

@: brilliant, attractive
A: molten scales 1, demonic guardian 1
a: no special abilities


You were on level 2 of the Dungeon.
You visited 1 branch of the dungeon, and saw 2 of its levels.

You collected 76 gold pieces.

Inventory:

Armour
 a - a +1 robe (worn)
Magical Staves
 j - a staff of cold (weapon)
Scrolls
 f - a scroll of noise


   Skills:
 + Level 0.1 Staves
 + Level 2.3 Dodging
 + Level 2.4 Stealth
 + Level 2.4 Spellcasting
 + Level 3.9 Ice Magic


You had 2 spell levels left.
You knew the following spells:

 Your Spells              Type           Power      Damage    Failure   Level
a - Freeze                Ice            100%       1d11      3%          1
b - Ozocubu's Armour      Ice            36%        N/A       11%         3

Your spell library contained the following spells:

 Spells                   Type           Power      Damage    Failure   Level
 Frozen Ramparts          Ice            72%        1d11      11%         3
 Hailstorm                Conj/Ice       20%        3d6       61%         4


Dungeon Overview and Level Annotations

Branches:
Dungeon (2/15)

Altars:


Innate Abilities, Weirdness & Mutations

You are partially covered in molten scales. (AC +2)
A weak demonic guardian rushes to your aid.


Message History

The gnoll hits you from afar with a +0 spear.
* * * LOW HITPOINT WARNING * * *
Cornered, the gnoll turns to fight!
It was a potion of attraction.
You feel attractive to monsters. The gnoll hits you but does no damage.
The gnoll hits you with a +0 club.
* * * LOW HITPOINT WARNING * * *
A demonic guardian appears!
The gnoll is attracted toward you. The rat is attracted toward you.
The gnoll is attracted toward you. x2
It was a potion of brilliance.
You feel clever all of a sudden. The gnoll hits you but does no damage.
The gnoll barely misses you. The gnoll is attracted toward you.
The rat is attracted toward you. The gnoll is attracted toward you.
As you read the scroll labelled SOUSA ODECOTU, it crumbles to dust.
The scroll dissolves into smoke.
It was a scroll of fog.
The gnoll closely misses you. The gnoll is attracted toward you.
Your icy armour will break if you move.
Continue?
You swap places.
Your icy armour cracks and falls away as you move.
The gnoll closely misses your shadow imp.
The gnoll barely misses you.
Your shadow imp gestures at the gnoll.
The gnoll writhes in agony!
The gnoll dies!
Something hits your shadow imp.
Your shadow imp hits the gnoll.
The gnoll hits you from afar with a +0 spear.
* * * LOW HITPOINT WARNING * * *
A demonic guardian appears!
Your shadow imp closely misses the gnoll.
You swap places.
Something hits your shadow imp.
Something barely misses your shadow imp.
Something hits your shadow imp!
Your shadow imp dies!
Your shadow imp disappears in a puff of smoke!
Your quasit bites the gnoll but does no damage.
Your quasit claws the gnoll but does no damage. x2
The gnoll hits you from afar with a +0 spear.
You die...

#########
#.......#
#.#####.# #.#
#.#
############.#
#.#
#§§§§g5@.....#
#.#
#g############
#.# .g§ ##.##
#.# ..§§.
##.#.## #.#
..!.§..
##.###.#####.#
##§.§.. #.##
##......#
.......
##.###.#######
##.....
##.#.## ##.###


You could see a gnoll (ally target) and a friendly quasit (summoned).

Vanquished Creatures
  3 endoplasms (D:1)
  A giant cockroach (D:1)
  3 goblins
  A hobgoblin (D:1)
  10 jackals (D:1)
  A kobold (D:1)
  A ball python (D:1)
  2 bats (D:1)
  2 frilled lizards (D:1)
  3 rats (D:1)
27 creatures vanquished.

Vanquished Creatures (collateral kills)
  A gnoll (D:2)
  A bat (D:1)
  An endoplasm (D:1)
  A goblin (D:1)
4 creatures vanquished.

Grand Total: 31 creatures vanquished

Notes
Turn   | Place    | Note
-------+----------+-------------------------------------------
     0 | D:1      | Danienth the Demonspawn Ice Elementalist began the quest
                  | for the Orb.
     0 | D:1      | Reached XP level 1. HP: 13/13 MP: 3/3
   329 | D:1      | Gained mutation: A weak demonic guardian rushes to your
                  | aid. [demonic ancestry]
   329 | D:1      | Reached XP level 2. HP: 19/19 MP: 0/5
   849 | D:1      | Gained mutation: You are partially covered in molten
                  | scales. (AC +2) [demonic ancestry]
   849 | D:1      | Reached XP level 3. HP: 24/24 MP: 4/6
  1194 | D:1      | Learned a level 3 spell: Ozocubu's Armour
  1318 | D:2      | Slain by a gnoll

Illustrated notes

Levels and vault maps discovered:
D:1:      dpeg_chamrin_arrival_tetris, layout_rooms, serial_bayou_lagoon_a
D:2:      layout_loops_ring, dreamdust_ecumenical_altar_hidden_monk_grotto

Skill      XL: |  1 |
---------------+----+-----
Stealth        | 2 |  2.4
Dodging        | 2 |  2.3
Staves         | |  0.1
Spellcasting   | |  2.4
Ice Magic      | |  3.9

Action                   || total
-------------------------++-------
Melee: Falchion          ||     1
       Staff             ||     3
 Cast: Freeze            ||    38
       Ozocubu's Armour  ||     1
  Use: Scroll            ||     5
       Potion            ||     3
Armor: Robe              ||     8
Dodge: Dodged            ||    30
